 Dungeon Crawl Stone Soup version 0.29.1-12-g30fa7ad0bf (webtiles) character file.

Game seed: 3883991554677232947

43 concernfroge the Trooper (level 3, -2/31 HPs)
             Began as a Mummy Monk on Dec 19, 2022.
             Slain by an orc priest
             ... wielding a +0 short sword
              (4 damage)
             ... on level 3 of the Dungeon.
             The game lasted 00:02:59 (1366 turns).

concernfroge the Trooper (Mummy Monk)               Turns: 1366, Time: 00:03:00

Health: -2/31      AC:  7    Str: 16    XL:     3   Next: 37%
Magic:  3/3        EV: 10    Int: 15    God:
Gold:   46         SH:  0    Dex: 14    Spells: 2/2 levels left

rFire   x . .      SeeInvis .   a - +0 spear (freeze)
rCold   + . .      Faith    .   (no shield)
rNeg    + + +      Spirit   .   f - +0 scale mail
rPois   ∞          Reflect  .   (no helmet)
rElec   .          Harm     .   (no cloak)
rCorr   .          Rampage  .   (no gloves)
Will    .....                   i - +0 pair of boots
Stlth   ..........              (no amulet)
HPRegen 0.10/turn               b - +6 ring of intelligence
MPRegen 0.08/turn               (no ring)

@: no status effects
A: cold resistance 1, negative energy resistance 3, torment resistance 2, heat
vulnerability 1, in touch with death 1, no potions
a: no special abilities


You were on level 3 of the Dungeon.
You visited 1 branch of the dungeon, and saw 3 of its levels.

You collected 46 gold pieces.

Inventory:

Hand Weapons
 a - a +0 spear of freezing (weapon)
Armour
 f - a +0 scale mail (worn)
 i - a +0 pair of boots (worn)
Jewellery
 b - a +6 ring of intelligence (left hand)
Scrolls
 c - 2 scrolls of vulnerability


   Skills:
 + Level 4.5 Fighting
 - Level 2.4 Polearms
 - Level 2.4 Dodging
 - Level 1.5 Stealth


You had 2 spell levels left.
You didn't know any spells.
Your spell library contained the following spells:

 Spells                   Type           Power      Damage    Failure   Level
 Summon Small Mammal      Summ           0%         N/A       71%         1
 Call Canine Familiar     Summ           0%         N/A       97%         3
 Summon Guardian Golem    Hex/Summ       0%         N/A       97%         3


Dungeon Overview and Level Annotations

Branches:
Dungeon (3/15)

Altars:

Annotations:
D:3 2 transporters


Innate Abilities, Weirdness & Mutations

You are immune to poison.
Your flesh is cold resistant. (rC+)
You are immune to negative energy. (rN+++)
You are immune to unholy pain and torment.
You are vulnerable to heat. (rF-)
You are in touch with the powers of death.
You do not drink.


Message History

The orc priest shouts!
You hit the orc priest but do no damage.
The orc priest hits you but does no damage.
You hit the orc priest but do no damage.
The orc priest hits you with a +0 war axe.
You barely miss the orc priest.
The orc priest looks satisfied for a moment.
As you read the scroll labelled HAILOSK FOFOGE, it crumbles to dust.
The scroll dissolves into smoke.
It was a scroll of fog.
The orc priest miscasts a cantrip.
You barely miss the orc priest.
The orc priest hits you but does no damage.
You hit the orc priest.
The orc priest is lightly wounded.
The orc priest hits you with a +0 war axe.
You hit the orc priest.
The orc priest is heavily wounded.
The orc priest hits you with a +0 short sword.
The orc priest completely misses you.
You hit the orc priest.
The orc priest is severely wounded.
The orc priest hits you with a +0 short sword.
The orc priest hits you but does no damage.
You closely miss the orc priest.
The orc priest is severely wounded.
The orc priest barely misses you.
The orc priest calls down the wrath of Beogh upon you.
Beogh smites you!
* * * LOW HITPOINT WARNING * * *
As you read the scroll labelled ZASSOL JELOS, it crumbles to dust.
It is a scroll of brand weapon.
Your +0 spear is covered with a thin layer of ice!
a - a +0 spear of freezing (weapon)
The orc priest miscasts a cantrip.
The orc priest hits you with a +0 war axe.
* * * LOW HITPOINT WARNING * * *
This is a scroll of acquirement!
Something appears at your feet!
The orc priest hits you with a +0 short sword.
You die...

..#.<>....# ##.###
..#.#####... ....# #
..#.#...#.# #.#.# .#
..........# #.#.##.#
..#.#...#.# #......#
..#.#####.#####....#
..#.......#.)..§.§##
..###.....#.###§#§######
#.#
#.....#.###o@§§......
#.#
#.........§o§§§......
#.#
#.........§§§§§......
#.#
#....###############.
#.#
####.#8P#~~~S~~~#P8#.
..# ##..#..#.......#..#.
### #..©#©/+...♣...+/©#©
.#####...#..#)......#..#
....#..#.#8P#~S~~~


You could see 2 orc priests.

Vanquished Creatures
  A dart slug (D:1)
  An orc (D:3)
  4 ball pythons
  4 bats
  5 endoplasms
  A giant cockroach (D:1)
  7 goblins
  4 hobgoblins
  2 jackals (D:1)
  A kobold (D:1)
  A quokka (D:1)
  2 rats (D:1)
33 creatures vanquished.

Notes
Turn   | Place    | Note
-------+----------+-------------------------------------------
     0 | D:1      | concernfroge the Mummy Monk began the quest for the Orb.
     0 | D:1      | Reached XP level 1. HP: 18/18 MP: 1/1
   217 | D:1      | Reached XP level 2. HP: 15/24 MP: 2/2
   554 | D:1      | Reached skill level 4 in Fighting
   619 | D:1      | Gained mutation: You are in touch with the powers of death.
                  | [Mummy growth]
   619 | D:1      | Reached XP level 3. HP: 17/30 MP: 3/3
   919 | D:1      | Found a faded altar of an unknown god.
  1311 | D:3      | Found a transporter.
  1353 | D:3      | Found a transporter.
  1366 | D:3      | Identified a scroll of acquirement
  1366 | D:3      | Acquired the amulet "Eneson" {rPois Regen+ SInv}
  1366 | D:3      | Slain by an orc priest

Illustrated notes

Levels and vault maps discovered:
D:1:      roderic_octagonal_star, layout_rooms, chequers_ecumenical_altar_grove,
          minmay_pentomino_r2
D:2:      cheibrodos_greedy_goblins, layout_basic, serial_shops,
          nicolae_shop_hallway_plus, basic_altar
D:3:      gammafunk_steamed_eel, layout_loops_cross, lightli_corner_chamber

Skill      XL: |  1  2 |
---------------+-------+-----
Fighting       | 4 |  4.5
Polearms       | |  2.4
Dodging        | |  2.4
Stealth        | |  1.5

Action                   || total
-------------------------++-------
Melee: Spear             ||   117
       Punch             ||     1
  Use: Scroll            ||     5
 Stab: Sleeping          ||     1
Armor: Robe              ||     2
       Scale mail        ||    27
Dodge: Dodged            ||    45
